 Dungeon Crawl Stone Soup version 0.28-a0-309-gf6d37e6e1d (webtiles) character file.

Game seed: 18165455859712299204

221 KristoblXynda the Covered (level 5, -11/34 HPs)
             Began as a Gargoyle Fighter on Aug 30, 2021.
             Blown up by Ijyb (19 damage)
             ... with a mindburst bolt
             ... on level 3 of the Dungeon.
             The game lasted 00:01:33 (2040 turns).

KristoblXynda the Covered (Gargoyle Fighter)        Turns: 2040, Time: 00:01:34

Health: -11/34     AC: 12    Str: 21    XL:     5   Next: 98%
Magic:  5/5        EV:  7    Int:  8    God:
Gold:   131        SH:  8    Dex:  9    Spells: 4/4 levels left

rFire   . . .      SeeInvis .   a - +0 flail
rCold   . . .      Faith    .   c - +0 kite shield
rNeg    + . .      Spirit   .   b - +0 scale mail
rPois   ∞          Reflect  .   (no helmet)
rElec   +          Harm     .   (no cloak)
rCorr   .          Rampage  .   (no gloves)
Will    .....                   j - +0 pair of boots
Stlth   ..........              (no amulet)
HPRegen 0.11/turn               (no ring)
MPRegen 0.09/turn               (no ring)

@: no status effects
A: sickness immunity, AC +4, negative energy resistance 1, electricity
resistance, torment resistance 1, petrification resistance
a: no special abilities


You were on level 3 of the Dungeon.
You visited 1 branch of the dungeon, and saw 3 of its levels.

You collected 131 gold pieces.

Inventory:

Hand Weapons
 a - a +0 flail (weapon)
Armour
 b - a +0 scale mail (worn)
 c - a +0 kite shield (worn)
 j - a +0 pair of boots (worn)
Scrolls
 f - a scroll of teleportation {unknown}
 g - a scroll of magic mapping {unknown}
 h - a scroll of identify {unknown}
 i - a scroll of vulnerability {unknown}
 k - a scroll of acquirement {unknown}
 l - a scroll of fear {unknown}
 m - a scroll of noise {unknown}
Potions
 d - a potion of ambrosia {unknown}
 e - a potion of attraction {unknown}


   Skills:
 + Level 4.5 Fighting
 + Level 3.3 Maces & Flails
 + Level 4.5 Armour
 + Level 4.5 Shields


You had 4 spell levels left.
You didn't know any spells.
Your spell library was empty.

Dungeon Overview and Level Annotations

Branches:
Dungeon (3/15)

Altars:

Annotations:
D:3 Ijyb


Innate Abilities, Weirdness & Mutations

You are immune to sickness and miasma.
Your stone body is resilient. (AC +4)
You are immune to poison.
You resist negative energy. (rN+)
You are resistant to electric shocks. (rElec)
You are resistant to unholy torment.
You are immune to petrification.


Message History

Reactivating autopickup.
You feel a bit more experienced.
Your Fighting skill increases to level 4!
Your Maces & Flails skill increases to level 3!
Your Armour skill increases to level 4!
Your Shields skill increases to level 4!
You have reached level 5!
You start resting.
You feel a little less mighty now.
You start resting.
HP restored.
d - a puce potion;
k - a scroll labelled YHI TUYNONEOG You now have 119 gold pieces (gained 13).
Things that are here:
a +0 scythe; a +0 robe of positive energy
Okay, then.
Found a stone staircase leading up.
l - a scroll labelled FYMINUUSCHIM
m - a scroll labelled YTOMAY WOSM You now have 131 gold pieces (gained 12).
Ijyb the Twisted Goblin comes into view.
She is wielding a +2 spectral club and carrying a wand of mindburst (13).
Ijyb shouts!
An adder comes into view.
Found an escape hatch in the ceiling.
The adder hisses angrily.
Ijyb zaps a wand.
Your mind is blasted!
Ouch! That really hurt!
* * * LOW HITPOINT WARNING * * *
You are too injured to fight recklessly!
You are too injured to fight recklessly!
You are too injured to fight recklessly!
You are too injured to fight recklessly!
You are too injured to fight recklessly!
You are too injured to fight recklessly!
You are too injured to fight recklessly!
You are too injured to fight recklessly!
Unknown command.
Ijyb zaps a wand.
Your mind is blasted!
Ouch! That really hurt!
You die...

##.. #..........÷.. #..#
###.###....#.... ....
#..........#.... #......
..#.......÷#.... ....##.
##............# ....##.
###..##.........#
...S..g##...######.#..##.
#...#.######.........
##..@........#.#..##.
....................####
####.#######....... # #
#. ..#... # #. ## < .


You could see Ijyb and an adder.

Vanquished Creatures
  Sigmund (D:3)
  An adder (D:2)
  2 dart slugs (D:1)
  A worm (D:2)
  6 bats
  3 endoplasms
  3 giant cockroaches
  A goblin (D:1)
  4 hobgoblins
  4 jackals (D:3)
  A kobold (D:2)
  2 quokkas
  6 ball pythons
  3 frilled lizards
  3 rats
41 creatures vanquished.

Notes
Turn   | Place    | Note
-------+----------+-------------------------------------------
     0 | D:1      | KristoblXynda the Gargoyle Fighter began the quest for the
                  | Orb.
     0 | D:1      | Reached XP level 1. HP: 14/14 MP: 1/1
    52 | D:1      | Reached XP level 2. HP: 15/19 MP: 2/2
   120 | D:1      | Found a faded altar of an unknown god.
   641 | D:1      | Reached XP level 3. HP: 23/23 MP: 3/3
  1551 | D:3      | Noticed Sigmund
  1726 | D:3      | Reached XP level 4. HP: 16/29 MP: 4/4
  1828 | D:3      | Killed Sigmund
  1829 | D:3      | Reached XP level 5. HP: 14/34 MP: 5/5
  2038 | D:3      | Noticed Ijyb
  2040 | D:3      | Blown up by Ijyb

Illustrated notes

Levels and vault maps discovered:
D:1:      dpeg_arrival_shelter, layout_loops_ring, basic_ecumenical_altar
D:2:      layout_rooms, chequers_serial_rivers_room_b, grunt_ministairs_13
D:3:      layout_rooms, uniq_sigmund, uniq_ijyb

Skill      XL: |  1  2  3  4 |
---------------+-------------+-----
Fighting       | 4 |  4.5
Maces & Flails | 3 |  3.3
Armour         | 4 |  4.5
Shields        | 4 |  4.5

Action                   |  1- 3 |  4- 6 || total
-------------------------+-------+-------++-------
Melee: Flail             |   161 |    19 ||   180
  Use: Potion            |       |     1 ||     1
Armor: Scale mail        |   113 |    10 ||   123
Dodge: Dodged            |    71 |     7 ||    78
Block: Kite shield       |    88 |     7 ||    95

Table legend: (Time is in decaauts)
 A = Elapsed time spent in this place.
 B = Non-inter-level travel time spent in this place.
 C = Inter-level travel time spent in this place.
 D = Time resting spent in this place.
 E = Time spent auto-exploring this place.
 F = Levels seen in this place.
 G = Mean time per level.
                   A        B        C        D        E       F      G
               +--------+--------+--------+--------+--------+-----+--------+
         Total |   2132 |   2101 |     31 |    452 |   1241 |   3 |  710.7 |
       Dungeon |   2132 |   2101 |     31 |    452 |   1241 |   3 |  710.7 |
               +--------+--------+--------+--------+--------+-----+--------+

Top non-repeatable levels by time:
     D:1: 768 daAuts
     D:2: 736 daAuts
     D:3: 627 daAuts
